 Dungeon Crawl Stone Soup version 0.29.1-2-gbd0b4ee654 (webtiles) character file.

Game seed: 4020088307005205671

81505 LustLizard the Eclecticist (level 16, -10/120 HPs)
             Began as a Djinni Air Elementalist on Nov 19, 2022.
             Was a High Priest of Ashenzari.
             Mangled by a caustic shrike simulacrum (15 damage)
             ... in an ice cave on Nov 21, 2022.
             The game lasted 01:45:03 (33322 turns).

LustLizard the Eclecticist (DjAE)                  Turns: 33322, Time: 01:45:03

Health: -10/120    AC: 11    Str: 19    XL:     16   Next: 18%
Gold:   1632       EV: 18    Int: 33    God:    Ashenzari [*****.] SH: 12 Dex: 14

rFire   + + .      SeeInvis +   C - +8 whip "Snakebite" {venom, curare, rPois}
rCold   x . .      Faith    .   W - +2 kite shield "Per Aspera Ad Scientiam" {Melee, Evo} (curse)
rNeg    . . .      Spirit   .   s - +2 robe {Archmagi}
rPois   ∞          Reflect  .   G - +3 hat of Pondering {ponderous, Will+ MP+10 Int+5, Self, Cun} (curse)
rElec   .          Harm     .   y - +0 cloak of Desmomancy {Self, Range} (curse)
rCorr   .          Rampage  .   E - +2 pair of gloves of the Manifest Gnosis {Fort, Self} (curse)
Will    ++++.      Archmagi +   (boots unavailable)
Stlth   ++++++.... Clarity  +   z - amulet "Esoteric Ethics" {Regen+, Fort, Evo} (curse)
HPRegen 1.10/turn               J - ring "Per Aspera Ad Scientiam" {rPois Str+6 Int+3, Self, Cun} (curse)
MPRegen 0.00/turn               n - ring of Ouranomancy {Str+6, Fort, Cun} (curse)

@: flying, studying Stealth, invisible, slow
A: sickness immunity, fire resistance 2, cold vulnerability 1, float, innate
caster, HP casting, extra vitality 1, horns 1, strong-willed 2
a: Renounce Religion, Shatter the Chains


You were in an ice cave.
You worshipped Ashenzari.
Ashenzari was extremely pleased with you.
You visited 5 branches of the dungeon, and saw 21 of its levels.
You also visited: Gauntlet, Ice Cave and Volcano.

You collected 1632 gold pieces.

Inventory:

Hand Weapons
 C - the +8 whip "Snakebite" (weapon) {venom, curare, rPois}
   (You found it on level 1 of the Lair of Beasts)

   It poisons the flesh of those it strikes.
   It occasionally inflicts asphyxiating poison on those it strikes, dealing
   poison damage and causing slowness.
   rPois:     It protects you from poison.
Armour
 m - a +2 ring mail of willpower
 s - a +2 robe of the Archmagi (worn)
 u - a +1 leather armour of fire resistance
 w - +0 ice dragon scales
 y - the cursed +0 cloak of Desmomancy (worn) {Self, Range}
   (You found it on level 5 of the Dungeon)

   It has a curse which improves the following skills: Introspection: Fighting
   and Spellcasting.
   Ranged Combat: Ranged Weapons and Throwing.
 E - the cursed +2 pair of gloves of the Manifest Gnosis (worn) {Fort, Self}
   (You found it on level 8 of the Dungeon)

   It has a curse which improves the following skills: Fortitude: Armour and
   Shields.
   Introspection: Fighting and Spellcasting.
 G - the cursed +3 hat of Pondering (worn) {ponderous, Will+ MP+10 Int+5, Self, Cun}
   (You took it off Gastronok on level 9 of the Dungeon)

   Int:       It affects your intelligence (+5).
   MP:        It affects your magic capacity (+10).
   Will:      It increases your willpower.
   It has a curse which improves the following skills: Introspection: Fighting
   and Spellcasting.
   Cunning:   Dodging and Stealth.
 N - a +1 leather armour of cold resistance
 W - the cursed +2 kite shield "Per Aspera Ad Scientiam" (worn) {Melee, Evo}
   (You found it on level 6 of the Dungeon)

   It has a curse which improves the following skills: Melee Combat: Short
   Blades, Long Blades, Axes, Maces & Flails, Polearms, Staves and Unarmed
   Combat.
   Evocations: Evocations.
Jewellery
 k - a ring of positive energy
 n - the cursed ring of Ouranomancy (right hand) {Str+6, Fort, Cun}
   (You found it in a Gauntlet)

   [ring of strength]

   Str:       It affects your strength (+6).
   It has a curse which improves the following skills: Fortitude: Armour and
   Shields.
   Cunning:   Dodging and Stealth.
 z - the cursed amulet "Esoteric Ethics" (around neck) {Regen+, Fort, Evo}
   (You found it on level 1 of the Lair of Beasts)

   [amulet of regeneration]

   Regen:     It increases your rate of health regeneration.
   It has a curse which improves the following skills: Fortitude: Armour and
   Shields.
   Evocations: Evocations.
 B - a +6 ring of dexterity
 H - a ring of willpower
 J - the cursed ring "Per Aspera Ad Scientiam" (left hand) {rPois Str+6 Int+3, Self, Cun}
   (You took it off a minotaur in a Gauntlet)

   [ring of strength]

   Str:       It affects your strength (+6).
   Int:       It affects your intelligence (+3).
   rPois:     It protects you from poison.
   It has a curse which improves the following skills: Introspection: Fighting
   and Spellcasting.
   Cunning:   Dodging and Stealth.
 R - a ring of protection from fire
Wands
 a - a wand of mindburst (12)
 i - a wand of flame (16)
 p - a wand of digging (19)
 I - a wand of paralysis (10)
 L - a wand of polymorph (4)
 T - a wand of light (6)
Scrolls
 c - 3 scrolls of blinking
 e - 3 scrolls of butterflies
 g - 3 scrolls of poison
 l - 9 scrolls of teleportation
 r - 2 scrolls of silence
 x - 3 scrolls of brand weapon
 D - 2 scrolls of magic mapping
 F - a scroll of summoning
 K - 4 scrolls of immolation
 M - a scroll of fear
 V - a scroll of enchant weapon
Potions
 b - 3 potions of mutation
 d - 5 potions of lignification
 f - a potion of might
 o - 4 potions of ambrosia
 q - 6 potions of resistance
 t - 2 potions of cancellation
 v - 6 potions of brilliance
 A - a potion of berserk rage
 U - a potion of haste
Miscellaneous
 O - a condenser vane
 P - a phial of floods
 Q - a phantom mirror
 S - a tin of tremorstones (2/2)


   Skills:
 - Level 7.5(12.9) Fighting
 * Level 2.5(4.4) Maces & Flails
 + Level 10.5(15.0) Dodging
 + Level 10.9(15.4) Stealth
 * Level 2.8(6.4) Shields
 * Level 15.8(21.1) Spellcasting
 + Level 10.7(14.2) Evocations


You had 24 spell levels left.
You knew the following spells:

 Your Spells              Type           Power      Damage    Failure   Level
a - Shock                 Conj/Air       100%       1d9       0%          1
b - Static Discharge      Conj/Air       100%       3-16/arc  0%          2
c - Swiftness             Air            100%       N/A       0%          3
d - Airstrike             Air            66%        2d(10-26) 0%          4
e - Sting                 Tmut/Pois      100%       1d8       0%          1
f - Ensorcelled Hibernat  Hex/Ice        100%       N/A       0%          2
g - Call Imp              Summ           100%       N/A       0%          2
h - Mephitic Cloud        Conj/Pois/Air  100%       N/A       0%          3
i - Summon Ice Beast      Ice/Summ       100%       N/A       0%          4
j - Summon Forest         Summ/Tloc      66%        N/A       0%          5
k - Death Channel         Necr           66%        N/A       1%          6
Your spell library was empty.

Dungeon Overview and Level Annotations

Branches:
Dungeon (13/15)            Temple (1/1) D:4            Lair (5/5) D:10
  Swamp (1/4) Lair:2        Snake (0/4) Lair:3        Slime (0/5) Lair:4
    Orc (1/2) D:9           IceCv (1/1)             Volcano (visited)
Gauntlet (visited)
 Vaults: D:13-14

Altars:
Ashenzari
Cheibriados
Dithmenos
Elyvilon
Fedhas
Gozag
Hepliaklqana
Makhleb
Nemelex Xobeh
Okawaru
Qazlal
Ru
Trog
Uskayaw
Wu Jian
Xom
Yredelemnul
Zin
The Shining One
Jiyva
Lugonu

Shops:
D:11 =   D:12 ?

Portals:
Abyss: Lair:5

Annotations:
D:10 3 runed translucent doors, Mig's ghost, novice DsHu
D:12 exclusion: freezing wraith


Innate Abilities, Weirdness & Mutations

You are immune to sickness and miasma.
You are immune to poison.
Your flesh is very heat resistant. (rF++)
You are vulnerable to cold. (rC-)
You float through the air rather than walking.
You learn spells naturally, not from books.
Your magical power is your life essence.
You have superior vitality. (+4 MHP)
You have a pair of small horns on your head.
You are highly strong-willed. (Will++)


Message History

Confirm with . or Enter, or press ? or * to list all spells.
Aiming: Airstrike (safe; 0% risk of failure)
Press: ? - help, Dir - move target, f - caustic shrike simulacrum
Aim: a caustic shrike simulacrum (empty space bonus: 2/8)
You feel a surge of power!
The air twists around and strikes the caustic shrike simulacrum.
The caustic shrike simulacrum is lightly damaged.
The caustic shrike simulacrum claws you but does no damage.
Casting: Airstrike (safe; 0% risk of failure)
Confirm with . or Enter, or press ? or * to list all spells.
Aiming: Airstrike (safe; 0% risk of failure)
Press: ? - help, Dir - move target, f/p - caustic shrike simulacrum
Aim: a caustic shrike simulacrum (lightly damaged, empty space bonus: 2/8)
You feel a surge of power!
The air twists around and strikes the caustic shrike simulacrum!
The caustic shrike simulacrum is moderately damaged.
The caustic shrike simulacrum claws you!
The caustic shrike simulacrum freezes you!!!
You feel a terrible chill!
The caustic shrike simulacrum barely misses you.
Casting: Airstrike (safe; 0% risk of failure)
Confirm with . or Enter, or press ? or * to list all spells.
Aiming: Airstrike (safe; 0% risk of failure)
Press: ? - help, Dir - move target, f/p - caustic shrike simulacrum
Aim: a caustic shrike simulacrum (moderately damaged, empty space bonus: 2/8)
You feel a surge of power!
The air twists around and strikes the caustic shrike simulacrum!!
The caustic shrike simulacrum is heavily damaged.
The caustic shrike simulacrum claws you!
The caustic shrike simulacrum freezes you!!!
You feel a terrible chill!
* * * LOW HITPOINT WARNING * * *
You block the caustic shrike simulacrum's attack.
Blink to where?
Press: ? - help, Dir - move target, p - caustic shrike simulacrum
As you read the scroll of blinking, it crumbles to dust.
You fade into invisibility!
The caustic shrike simulacrum misses you.
The caustic shrike simulacrum claws you!
You die...

** #.Z#### *
**###..###
####.###
####.### ,,**
###.#### *
###Z#### *
###§.### *,,*
####Z### *
,*######@###
######.####
*#####.#.####
####....####
####.#.####
###.###.###
###.##..##
###..#.##
####.#..#


You could see a dire elephant simulacrum (unable to see you) and a caustic
shrike simulacrum (unable to see you).

Vanquished Creatures
  An entropy weaver (shapeshifter) (Lair:5)
  A catoblepas (Lair:5)
  2 hydras
  3 two-headed ogres
  A radroach (shapeshifter) (Gauntlet)
  2 alligators (Swamp:1)
  A tengu warrior (Gauntlet)
  5 death yaks
  2 thrashing horrors (Lair:5)
  A goliath frog (Swamp:1)
  6 spriggan simulacra
  An obsidian statue (IceCv)
  3 bog bodies (Lair:2)
  3 lindwurms
  A large abomination (Lair:5)
  A wizard (D:10)
  3 ugly things
  A toenail golem (Volcano)
  5 elephants (Lair:5)
  6 black mambas
  3 molten gargoyles (Volcano)
  A cane toad (shapeshifter) (Lair:5)
  2 smoke demons (Lair:5)
  2 gargoyles
  4 efreet
  A rime drake (Lair:1)
  2 unseen horrors
  7 cane toads
  A freezing wraith (IceCv)
  3 anaconda simulacra
  6 komodo dragons
  An ancient zyme (Lair:5)
  8 ice devils
  A hornet (D:10)
  3 polar bears
  7 trolls
  Grinder (D:3)
  20 blink frogs
  A slime creature (D:12)
  4 dream sheep (Lair:4)
  Sigmund (D:3)
  2 ynoxinuls (Lair:5)
  2 shadows
  A vampire (D:10)
  A spriggan (Lair:5)
  3 wraiths
  A human (shapeshifter) (D:13)
  4 basilisks
  2 dire elephant simulacra
  2 fire elementals (Volcano)
  4 wyverns
  4 steam dragons
  20 yaks
  A warg (D:9)
  6 vampire mosquitoes (D:10)
  6 minotaur simulacra
  6 nagas (Lair:3)
  2 harpy simulacra
  An acid dragon (D:10)
  A swamp worm (Lair:2)
  15 water moccasins
  7 small abominations (Lair:5)
  An ice beast (D:5)
  9 orc warriors
  2 sky beasts
  A black bear (D:6)
  7 alligator simulacra (IceCv)
  26 wolves
  An ogre (D:7)
  5 centaurs
  2 phantoms
  5 kobold brigands
  6 bullfrogs
  3 necrophages
  10 deep troll simulacra
  An earth elemental (Volcano)
  4 scorpions
  10 wights
  3 troll zombies (D:9)
  15 killer bees
  A lindwurm simulacrum (IceCv)
  4 howler monkeys
  4 electric eels (Lair:2)
  2 hounds
  A gnoll bouda (D:7)
  6 orc priests
  4 jellies
  Jessica (D:2)
  8 iguanas
  Ijyb (D:3)
  Natasha (thrice) (D:3)
  13 orc wizards
  8 hell rats
  3 ogre zombies (D:9)
  Robin (D:2)
  8 gnolls
  9 adders
  A river rat (D:10)
  2 white imps
  2 ufetubi (D:6)
  5 dart slugs
  4 worms
  66 orcs
  9 endoplasms
  4 giant cockroaches
  9 hobgoblins
  4 jackals (D:1)
  3 quokkas (D:10)
  4 ball pythons
  8 bats
  6 frilled lizards
  14 goblins
  2 goblin zombies (D:9)
  3 hobgoblin zombies (D:9)
  47 kobolds
  An orc skeleton (D:9)
  13 orc zombies (D:9)
  10 rats
  A rat zombie (D:3)
  5 fire vortices (Volcano)
630 creatures vanquished.

Vanquished Creatures (collateral kills)
  Gastronok (D:9)
  A minotaur (Gauntlet)
  A hydra (Lair:5)
  An ogre mage (D:12)
  2 death yaks (Lair:3)
  A thrashing horror (Lair:4)
  Sonja (Lair:1)
  A large abomination (Lair:5)
  A manticore (D:12)
  4 slime creatures (D:12)
  4 elephants (Lair:5)
  A black mamba (Lair:2)
  A molten gargoyle (Volcano)
  A cane toad (Lair:5)
  A torpor snail (Lair:5)
  2 komodo dragons (Lair:2)
  A tengu conjurer (Gauntlet)
  A troll (D:12)
  10 blink frogs
  A wyvern (Lair:3)
  38 yaks
  A steam dragon (D:6)
  A small abomination (Lair:5)
  A swamp worm (Lair:2)
  A black bear (Lair:1)
  6 wolves (Lair:2)
  A kobold brigand (D:10)
  A bullfrog (Lair:4)
  2 killer bees (D:9)
  An orc wizard (D:10)
  3 hell rats
  3 white imps (Gauntlet)
  A rat (D:10)
97 creatures vanquished.

Vanquished Creatures (others)
  A sky beast (D:7)
  A kobold (D:8)
  50 fungi
  72 plants
  A snaplasher vine (D:12)
  4 toadstools (D:7)
129 creatures vanquished.

Grand Total: 856 creatures vanquished

Notes
Turn   | Place    | Note
-------+----------+-------------------------------------------
     0 | D:1      | LustLizard the Djinni Air Elementalist began the quest for
                  | the Orb.
     0 | D:1      | LustLizard set off with the following spells memorised:
                  | Shock, Static Discharge, Swiftness, Airstrike.
     0 | D:1      | Reached XP level 1. HP: 15/15 MP: 0/0
   362 | D:1      | Reached XP level 2. HP: 19/21 MP: 0/0
   382 | D:1      | Found a faded altar of an unknown god.
   797 | D:1      | Reached XP level 3. HP: 16/25 MP: 0/0
   797 | D:1      | Learned a level 1 spell: Sting
  1192 | D:1      | Reached skill level 3 in Spellcasting
  1488 | D:2      | Noticed Jessica
  1489 | D:2      | Killed Jessica
  1490 | D:2      | Reached XP level 4. HP: 30/31 MP: 0/0
  1503 | D:2      | Noticed Robin
  1673 | D:2      | Reached XP level 5. HP: 15/35 MP: 0/0
  1673 | D:2      | Learned a level 2 spell: Ensorcelled Hibernation
  2118 | D:2      | Killed Robin
  2754 | D:3      | Noticed Sigmund
  2830 | D:3      | Noticed Natasha
  2836 | D:3      | Killed Natasha
  2900 | D:3      | Noticed Ijyb
  2912 | D:3      | Killed Ijyb
  2913 | D:3      | Reached XP level 6. HP: 23/40 MP: 0/0
  3076 | D:3      | Noticed Natasha
  3082 | D:3      | Killed Natasha
  3083 | D:3      | Reached skill level 4 in Spellcasting
  3217 | D:3      | Found a shadowy altar of Dithmenos.
  3465 | D:3      | Noticed Grinder
  3471 | D:3      | Noticed Natasha
  3473 | D:3      | Paralysed by Grinder for 2 turns
  3480 | D:3      | Killed Grinder
  3481 | D:3      | Reached XP level 7. HP: 10/45 MP: 0/0
  3481 | D:3      | Learned a level 2 spell: Call Imp
  3733 | D:3      | Killed Natasha
  4085 | D:3      | Killed Sigmund
  4414 | D:3      | Reached skill level 5 in Spellcasting
  4555 | D:4      | Found an iron altar of Okawaru.
  4824 | D:4      | Found a glowing silver altar of Zin.
  4949 | D:4      | Found a bloodstained altar of Trog.
  5044 | D:4      | Reached XP level 8. HP: 43/50 MP: 0/0
  5144 | D:4      | Found a basalt altar of Yredelemnul.
  5230 | D:4      | Reached skill level 5 in Dodging
  5436 | D:4      | Found a staircase to the Ecumenical Temple.
  5442 | Temple   | Entered the Ecumenical Temple
  5732 | D:5      | Entered Level 5 of the Dungeon
  5822 | D:5      | HP: 2/50 [ice beast (16)]
  6258 | D:5      | Reached skill level 6 in Spellcasting
  6496 | D:5      | Found a broken altar of Ashenzari.
  6674 | D:5      | Became a worshipper of Ashenzari the Shackled
  7075 | D:5      | Reached skill level 7 in Spellcasting
  7302 | D:5      | Found a shimmering altar of Xom.
  7587 | D:5      | Reached XP level 9. HP: 27/55 MP: 0/0
  7587 | D:5      | Learned a level 3 spell: Mephitic Cloud
  7911 | D:6      | Found a white marble altar of Elyvilon.
  8234 | D:6      | Reached skill level 8 in Spellcasting
  8444 | D:6      | Reached skill level 1 in Evocations
  8704 | D:6      | Found a blossoming altar of Fedhas.
  9199 | D:7      | Reached * piety under Ashenzari
  9592 | D:7      | Reached XP level 10. HP: 36/60 MP: 0/0
  9744 | D:7      | Reached skill level 9 in Spellcasting
 10000 | D:8      | Noticed a two-headed ogre
 10012 | D:8      | Killed a two-headed ogre
 10285 | D:8      | Noticed a gargoyle
 10516 | D:8      | Killed a gargoyle
 10517 | D:8      | Reached skill level 5 in Evocations
 10816 | D:8      | Reached skill level 10 in Spellcasting
 11513 | D:8      | Found a runed translucent door.
 12187 | D:8      | Reached XP level 11. HP: 39/65 MP: 0/0
 12187 | D:8      | Learned a level 4 spell: Summon Ice Beast
 12455 | D:9      | Noticed Gastronok
 12464 | D:9      | Killed Gastronok
 12688 | D:9      | Reached skill level 11 in Spellcasting
 13849 | D:9      | Found a staircase to the Orcish Mines.
 14756 | D:9      | Reached ** piety under Ashenzari
 15012 | D:9      | Found a stormy altar of Qazlal.
 16452 | D:10     | Entered Level 10 of the Dungeon
 16621 | Orc:1    | Entered Level 1 of the Orcish Mines
 16621 | Orc:1    | Noticed a two-headed ogre
 16835 | D:10     | Found a runed translucent gate.
 16836 | D:10     | Found a runed translucent gate.
 16837 | D:10     | Noticed Mig's ghost (novice DsHu)
 16838 | D:10     | Found a runed translucent gate.
 16845 | D:10     | Reached *** piety under Ashenzari
 16992 | D:10     | Reached skill level 12 in Spellcasting
 17251 | D:10     | Found a staircase to the Lair.
 17442 | D:10     | Reached XP level 12. HP: 61/70 MP: 0/0
 17555 | D:10     | Noticed a two-headed ogre
 17558 | D:10     | Killed a two-headed ogre
 17623 | D:10     | Found an ornate altar of the Wu Jian Council.
 17738 | D:10     | Found a sparkling altar of Nemelex Xobeh.
 17914 | D:10     | Reached skill level 1 in Fighting
 18190 | D:10     | Noticed a death yak
 18207 | D:10     | Killed a death yak
 18397 | D:10     | Noticed a death yak
 18397 | D:10     | Noticed a death yak
 18430 | D:10     | Killed a death yak
 19064 | D:10     | Found a glowing golden altar of the Shining One.
 19125 | D:10     | Killed a death yak
 19126 | D:10     | Reached skill level 13 in Spellcasting
 20536 | D:11     | Found a gate leading to a gauntlet.
 20681 | Gauntlet | Entered a Gauntlet
 20681 | Gauntlet | Found a transporter.
 20693 | Gauntlet | Found a transporter.
 20693 | Gauntlet | Noticed a tengu warrior
 20696 | Gauntlet | Found a transporter.
 20697 | Gauntlet | Found a transporter.
 20705 | Gauntlet | Found a transporter.
 20708 | Gauntlet | Found a transporter.
 20709 | Gauntlet | Found a transporter.
 20711 | Gauntlet | Noticed an orb spider
 20711 | Gauntlet | a manticore changed into an orb spider
 20718 | Gauntlet | Found a transporter.
 20719 | Gauntlet | Noticed a two-headed ogre
 20719 | Gauntlet | a snapping turtle changed into a two-headed ogre
 20721 | Gauntlet | Found a transporter.
 20722 | Gauntlet | Found a transporter.
 20722 | Gauntlet | Noticed a fire crab
 20722 | Gauntlet | a meliai changed into a fire crab
 20723 | Gauntlet | an orb spider changed into a faun
 20729 | Gauntlet | Noticed a swamp dragon
 20729 | Gauntlet | a two-headed ogre changed into a swamp dragon
 20730 | Gauntlet | Found a transporter.
 20731 | Gauntlet | a fire crab changed into a moth of wrath
 20733 | Gauntlet | Found a transporter.
 20734 | Gauntlet | Found a transporter.
 20743 | Gauntlet | Found a transporter.
 20788 | Gauntlet | Noticed an ice dragon
 20795 | Gauntlet | Noticed a broodmother
 20795 | Gauntlet | an ice dragon changed into a broodmother
 20797 | Gauntlet | Noticed an alligator
 20797 | Gauntlet | a broodmother changed into an alligator
 20797 | Gauntlet | Noticed a fire dragon
 20801 | Gauntlet | Noticed a broodmother
 20801 | Gauntlet | an alligator changed into a broodmother
 20803 | Gauntlet | a broodmother changed into a tyrant leech
 20806 | Gauntlet | Noticed a swamp dragon
 20806 | Gauntlet | an elephant changed into a swamp dragon
 20850 | Gauntlet | Killed a tengu warrior
 21293 | Gauntlet | Noticed a bunyip
 21295 | Gauntlet | Noticed a deep troll
 21300 | Gauntlet | Noticed a glowing orange brain
 21305 | Gauntlet | Noticed a radroach
 21305 | Gauntlet | a tyrant leech changed into a radroach
 21307 | Gauntlet | Noticed a death drake
 21309 | Gauntlet | Killed a radroach
 21313 | Gauntlet | a death drake changed into an eye of devastation
 21313 | Gauntlet | a deep troll changed into a swamp worm
 21322 | Gauntlet | Noticed an anaconda
 21322 | Gauntlet | a water nymph changed into an anaconda
 21326 | Gauntlet | Noticed an ice dragon
 21326 | Gauntlet | an anaconda changed into an ice dragon
 21327 | Gauntlet | Noticed an alligator
 21327 | Gauntlet | an ice dragon changed into an alligator
 21329 | Gauntlet | Noticed a quicksilver ooze
 21329 | Gauntlet | an alligator changed into a quicksilver ooze
 21336 | Gauntlet | Noticed a goliath frog
 21336 | Gauntlet | a quicksilver ooze changed into a goliath frog
 21343 | Gauntlet | Noticed a fire dragon
 21343 | Gauntlet | a bunyip changed into a fire dragon
 21345 | Gauntlet | Noticed a fire dragon
 21345 | Gauntlet | a goliath frog changed into a fire dragon
 21347 | Gauntlet | Noticed a spark wasp
 21347 | Gauntlet | a fire dragon changed into a spark wasp
 21349 | Gauntlet | Noticed a great orb of eyes
 21349 | Gauntlet | a spark wasp changed into a great orb of eyes
 21352 | Gauntlet | Noticed an azure jelly
 21352 | Gauntlet | a great orb of eyes changed into an azure jelly
 21354 | Gauntlet | Noticed a sphinx
 21354 | Gauntlet | an azure jelly changed into a sphinx
 21356 | Gauntlet | Noticed an alligator snapping turtle
 21356 | Gauntlet | a sphinx changed into an alligator snapping turtle
 21357 | Gauntlet | Noticed an azure jelly
 21357 | Gauntlet | an alligator snapping turtle changed into an azure jelly
 21367 | Gauntlet | Noticed a fenstrider witch
 21367 | Gauntlet | an azure jelly changed into a fenstrider witch
 21369 | Gauntlet | Noticed an alligator snapping turtle
 21369 | Gauntlet | a fenstrider witch changed into an alligator snapping
                  | turtle
 21370 | Gauntlet | Noticed a dire elephant
 21370 | Gauntlet | an alligator snapping turtle changed into a dire elephant
 21371 | Gauntlet | Noticed a storm dragon
 21371 | Gauntlet | a dire elephant changed into a storm dragon
 21372 | Gauntlet | Noticed a dire elephant
 21372 | Gauntlet | a storm dragon changed into a dire elephant
 21377 | Gauntlet | Noticed a sphinx
 21377 | Gauntlet | a dire elephant changed into a sphinx
 21386 | Gauntlet | Noticed an alligator snapping turtle
 21386 | Gauntlet | a sphinx changed into an alligator snapping turtle
 21394 | Gauntlet | Noticed a stone giant
 21394 | Gauntlet | an alligator snapping turtle changed into a stone giant
 21396 | Gauntlet | Noticed a frost giant
 21396 | Gauntlet | a stone giant changed into a frost giant
 21398 | Gauntlet | Noticed a satyr
 21398 | Gauntlet | a fire dragon changed into a satyr
 21399 | Gauntlet | Noticed an ice dragon
 21399 | Gauntlet | a satyr changed into an ice dragon
 21401 | Gauntlet | Noticed a stone giant
 21401 | Gauntlet | a frost giant changed into a stone giant
 21402 | Gauntlet | Noticed a fire giant
 21402 | Gauntlet | a stone giant changed into a fire giant
 21404 | Gauntlet | Noticed an iron giant
 21404 | Gauntlet | a fire giant changed into an iron giant
 21405 | Gauntlet | Noticed an acid blob
 21405 | Gauntlet | an iron giant changed into an acid blob
 21406 | Gauntlet | Noticed a fenstrider witch
 21406 | Gauntlet | an acid blob changed into a fenstrider witch
 21407 | Gauntlet | Noticed a sphinx
 21407 | Gauntlet | a fenstrider witch changed into a sphinx
 21408 | Gauntlet | Noticed a shadow dragon
 21408 | Gauntlet | a sphinx changed into a shadow dragon
 21409 | Gauntlet | Noticed a sphinx
 21409 | Gauntlet | a shadow dragon changed into a sphinx
 21417 | Gauntlet | Noticed a shadow dragon
 21417 | Gauntlet | a sphinx changed into a shadow dragon
 21419 | Gauntlet | Noticed a fenstrider witch
 21419 | Gauntlet | a shadow dragon changed into a fenstrider witch
 21430 | Gauntlet | Noticed a frost giant
 21430 | Gauntlet | a fenstrider witch changed into a frost giant
 21430 | Gauntlet | Noticed a sea snake
 21430 | Gauntlet | a swamp worm changed into a sea snake
 21434 | Gauntlet | Noticed a dire elephant
 21434 | Gauntlet | a frost giant changed into a dire elephant
 21435 | Gauntlet | Noticed a storm dragon
 21435 | Gauntlet | a dire elephant changed into a storm dragon
 21437 | Gauntlet | an ice dragon changed into a wolf spider
 21437 | Gauntlet | Noticed a steelbarb worm
 21437 | Gauntlet | a sea snake changed into a steelbarb worm
 21440 | Gauntlet | Noticed a catoblepas
 21440 | Gauntlet | a storm dragon changed into a catoblepas
 21446 | Gauntlet | Noticed an ice dragon
 21446 | Gauntlet | a catoblepas changed into an ice dragon
 21455 | Gauntlet | Noticed a bunyip
 21455 | Gauntlet | an ice dragon changed into a bunyip
 21455 | Gauntlet | Noticed a boulder beetle
 21455 | Gauntlet | a wolf spider changed into a boulder beetle
 21459 | Gauntlet | Noticed a satyr
 21459 | Gauntlet | a bunyip changed into a satyr
 21460 | Gauntlet | Noticed an alligator
 21460 | Gauntlet | a satyr changed into an alligator
 21460 | Gauntlet | Noticed an alligator
 21460 | Gauntlet | a boulder beetle changed into an alligator
 21461 | Gauntlet | Noticed a boulder beetle
 21461 | Gauntlet | an alligator changed into a boulder beetle
 21464 | Gauntlet | Noticed a jorogumo
 21464 | Gauntlet | a boulder beetle changed into a jorogumo
 21475 | Gauntlet | a jorogumo changed into a wolf spider
 21482 | Gauntlet | Noticed a shock serpent
 21482 | Gauntlet | a wolf spider changed into a shock serpent
 21485 | Gauntlet | a shock serpent changed into a mana viper
 21496 | Gauntlet | a steelbarb worm changed into a water nymph
 21502 | Gauntlet | Noticed a shock serpent
 21502 | Gauntlet | an eye of devastation changed into a shock serpent
 21507 | Gauntlet | Noticed a sea snake
 21507 | Gauntlet | a water nymph changed into a sea snake
 21517 | Gauntlet | a shock serpent changed into a floating eye
 21525 | Gauntlet | a sea snake changed into a moth of wrath
 21531 | Gauntlet | Noticed a deep troll
 21531 | Gauntlet | an elephant changed into a deep troll
 21534 | Gauntlet | a deep troll changed into a swamp worm
 21610 | Gauntlet | Noticed an alligator
 21611 | Gauntlet | an alligator changed into a slime creature
 21611 | Gauntlet | Noticed a shock serpent
 21639 | Gauntlet | Noticed a great orb of eyes
 21639 | Gauntlet | a slime creature changed into a great orb of eyes
 21645 | Gauntlet | Identified the ring of Awe {rPois Str+6 Int+3}
 21645 | Gauntlet | Noticed a minotaur
 21667 | Gauntlet | Killed a minotaur
 22241 | D:11     | Reached XP level 13. HP: 79/87 MP: 0/0
 22241 | D:11     | Learned a level 5 spell: Summon Forest
 23062 | D:11     | Found Nificwih's Jewellery Shoppe.
 23240 | Lair:1   | Entered Level 1 of the Lair of Beasts
 23265 | Lair:1   | Reached skill level 5 in Stealth
 23439 | Lair:1   | Found a dark tunnel.
 23451 | Volcano  | Entered a volcano
 23603 | Volcano  | HP: 4/92 [molten gargoyle/+0 morningstar (12)]
 23603 | Volcano  | HP: 1/92 [molten gargoyle/+0 morningstar (3)]
 23609 | Volcano  | Reached skill level 5 in Fighting
 25423 | Lair:1   | Noticed Sonja
 25425 | Lair:1   | Killed Sonja
 26357 | Lair:1   | Found the +8 whip "Snakebite" {venom, curare, rPois}
 26755 | Lair:2   | Reached skill level 14 in Spellcasting
 26757 | Lair:2   | Noticed a six-headed hydra
 26766 | Lair:2   | Killed a six-headed hydra
 26786 | Lair:2   | Reached XP level 14. HP: 80/99 MP: 0/0
 27346 | Lair:2   | Found a staircase to the Swamp.
 27441 | Lair:3   | Found a staircase to the Snake Pit.
 27918 | Lair:3   | Identified the +7 falchion "Meusapt" {flame, rCorr Int+6}
 28916 | Lair:4   | Found a viscous altar of Jiyva.
 28918 | Lair:4   | Found a staircase to the Slime Pits.
 29036 | Lair:5   | Entered Level 5 of the Lair of Beasts
 29206 | Lair:5   | Reached XP level 15. HP: 48/111 MP: 0/0
 29206 | Lair:5   | Learned a level 6 spell: Death Channel
 29208 | Lair:5   | Reached skill level 15 in Spellcasting
 29303 | Lair:5   | Found a stormy altar of Qazlal.
 29821 | Lair:5   | Reached skill level 10 in Evocations
 30097 | Lair:5   | Reached skill level 10 in Stealth
 30211 | Lair:5   | Reached skill level 10 in Dodging
 30738 | Lair:5   | Found a corrupted altar of Lugonu.
 30738 | Lair:5   | Found a one-way gate to the infinite horrors of the Abyss.
 31180 | D:12     | Found a blossoming altar of Fedhas.
 31194 | D:12     | Gained mutation: You are weak. (Str -2) [potion of
                  | mutation]
 31195 | D:12     | Lost mutation: You are weak. (Str -2) [potion of mutation]
 31195 | D:12     | Gained mutation: You have a pair of small horns on your
                  | head. [potion of mutation]
 31195 | D:12     | Gained mutation: You are strong-willed. (Will+) [potion of
                  | mutation]
 31195 | D:12     | Gained mutation: You are highly strong-willed. (Will++)
                  | [potion of mutation]
 31478 | D:12     | Reached **** piety under Ashenzari
 31711 | D:12     | Found Deyguma's Magic Scroll Shop.
 31854 | D:12     | Reached skill level 1 in Maces & Flails
 32205 | Swamp:1  | Entered Level 1 of the Swamp
 32239 | Swamp:1  | Reached skill level 1 in Shields
 32273 | Swamp:1  | Found a frozen archway.
 32313 | IceCv    | Entered an ice cave
 32492 | IceCv    | Reached XP level 16. HP: 103/118 MP: 0/0
 32968 | IceCv    | Reached ***** piety under Ashenzari
 33299 | IceCv    | Identified the +0 leather armour "Asaem" {rF+ Int+2}
 33299 | IceCv    | Found the +3 Mad Mage's Maulers {Infuse+∞ RegenMP Int-3}
 33314 | IceCv    | Noticed an Ice Fiend
 33320 | IceCv    | HP: 3/120 [caustic shrike simulacrum (42)]
 33322 | IceCv    | Mangled by a caustic shrike simulacrum

Illustrated notes

Levels and vault maps discovered:
D:1:      dpeg_arrival_rooms_c, layout_rooms,
          hellmonk_ecumenical_altar_arch_garden
D:2:      layout_rooms, serial_forest, infiniplex_forest_lined_corner,
          infiniplex_forest_lined_room_, infiniplex_forest_lined_3_way,
          infiniplex_forest_zigzag_2, infiniplex_forest_clump_medium,
          infiniplex_forest_end_double, grunt_decor_fettered, minmay_cupped,
          uniq_jessica, uniq_robin
D:3:      layout_basic, nicolae_dithmenos_through_a_glass_darkly,
          lemuel_zombie_altar_kikubaaqudgha, uniq_natasha, uniq_sigmund,
          uniq_grinder, uniq_ijyb
D:4:      layout_basic, okawaru_ov_weapons_minmay, mainiacjoe_overflow_alcove_4,
          mainiacjoe_overflow_chevrons, marbit_many_paths, vehumet_crystals,
          minmay_temple_entry_enclosed_plants, minivault_26
D:5:      kennysheep_kobold_camp, layout_loops_ring, nicolae_ashenzari_skybound,
          tgw_xom
D:6:      layout_rooms, elyvilon_altar_5, lemuel_crystal_altar,
          minmay_diced_spiral
D:7:      layout_basic, minmay_gold_behind_fungi
D:8:      layout_gridville, lightli_church_of_beogh
D:9:      layout_cave_pods, lemuel_crystal_altar, zombieorc1_lemuel,
          special_room [special_room_orc], uniq_gastronok
D:10:     minmay_razor_zed, layout_layer_cave,
          mainiacjoe_overflow_cross_hatched, nemelex_xobeh_ov_fountains_minmay,
          lemuel_crystal_altar, dpeg_lair_monsters,
          gammafunk_ghost_nasty_kobolds, minmay_chambers_of_fives
D:11:     layout_irregular_city, gauntlet_entry_generic, serial_shops, shop
D:12:     layout_basic, serial_shops, kennysheep_mini, minivault_25_ag,
          minivault_1, fedhas_altar_1
D:13:     layout_gridville, david_vaults_4
Temple:   nicolae_temple_ecumenical_triangle
Lair:1:   minmay_guarded_unrand_snakebite, layout_cave_pods,
          nicolae_volcano_entry_lava_flow, infiniplex_staircase_pool,
          serial_bayou_shore_b, uniq_sonja
Lair:2:   layout_cave_shapes, nicolae_swamp_entry_splash_gauntlet,
          serial_bayou_shore_a, grunt_megastairs_5
Lair:3:   layout_loops_ring, minmay_snake_entry_guardpost_large
Lair:4:   layout_misc_corridors, minmay_slime_entry_oklob_enclosed,
          serial_bayou_pond_d
Lair:5:   hellmonk_lair_end_abyssal_woods, layout_cave_pods, basic_altar
Swamp:1:  layout_falls_marsh, portal_ice_cave_entry_ice_simulacra,
          serial_swamp_ruin, evilmike_swamp_ruin_house_2,
          evilmike_swamp_ruin_house_5, infiniplex_staircase_pool_2
Orc:1:    layout_caves, uniq_fannar
IceCv:    ice_cave_caverns_03

Skill      XL: |  1  2  3  4  5  6  7  8  9 10 11 12 13 14 15 16 |
---------------+-------------------------------------------------+-----
Stealth        | 2 3 4 6 8 10 | 10.9
Spellcasting   | 3 4 5 7 8 10 12 13 14 15 | 15.8
Dodging        | 3 4 5 7 9 10 | 10.5
Evocations     | 3 6 7 8 9 10 | 10.7
Fighting       | 4 5 7 |  7.5
Maces & Flails | 1 2 |  2.5
Shields        | 1 2 |  2.8

Action                   |  1- 3 |  4- 6 |  7- 9 | 10-12 | 13-15 | 16-18 || total
-------------------------+-------+-------+-------+-------+-------+-------++-------
Melee: Dagger            |       |       |    12 |       |       |       ||    12
       Short sword       |       |       |    19 |    34 |     2 |       ||    55
       Punch             |       |       |       |     1 |     1 |       ||     2
       Whip              |       |       |       |       |   152 |       ||   152
       Quick blade       |       |       |       |       |    12 |       ||    12
 Cast: Shock             |    71 |    58 |   267 |   287 |    23 |       ||   706
       Static Discharge  |     1 |    19 |    29 |    30 |     7 |       ||    86
       Airstrike         |       |       |     7 |   176 |   468 |    93 ||   744
       Sting             |       |       |     5 |     8 |       |       ||    13
       Mephitic Cloud    |       |       |     3 |    11 |     2 |       ||    16
       Call Imp          |       |       |     2 |     5 |       |       ||     7
       Ensorcelled Hiber |       |       |       |     5 |     1 |       ||     6
       Summon Ice Beast  |       |       |       |    14 |    26 |       ||    40
       Swiftness         |       |       |       |     3 |     2 |     3 ||     8
       Summon Forest     |       |       |       |       |    14 |       ||    14
       Death Channel     |       |       |       |       |     1 |       ||     1
Invok: Curse Item        |       |       |     2 |     3 |     4 |     1 ||    10
       Shatter the Chain |       |       |       |     2 |     1 |       ||     3
Evoke: Wand              |       |       |     1 |       |     7 |       ||     8
  Use: Scroll            |       |       |     8 |     2 |     2 |     3 ||    15
       Potion            |       |       |       |     1 |    11 |     1 ||    13
 Stab: Distracted        |       |       |     1 |     1 |     3 |       ||     5
       Sleeping          |       |       |     1 |       |       |       ||     1
Armor: Robe              |     4 |     5 |    16 |    33 |    65 |     2 ||   125
Dodge: Dodged            |    10 |    17 |    42 |   125 |   221 |     8 ||   423
Block: Kite shield       |       |       |       |       |     2 |     3 ||     5
